 Dungeon Crawl Stone Soup version 0.27-a0-1301-g128193abf8 (webtiles) character file.

Game seed: 17265690514042248249

41398 agentchuck the Grappler (level 13, -10/131 HPs)
             Began as a Troll Fighter on June 17, 2021.
             Was an Elder of Yredelemnul.
             Mangled by a two-headed ogre (13 damage)
             ... on level 15 of the Dungeon.
             The game lasted 00:54:05 (14222 turns).

agentchuck the Grappler (Troll Fighter)            Turns: 14222, Time: 00:54:06

Health: -10/131    AC: 15    Str: 34    XL:     13   Next: 79%
Magic:  16/16      EV:  9    Int:  4    God:    Yredelemnul [****..]
Gold:   256        SH: 12    Dex: 12    Spells: 12/12 levels left

rFire    + + .     SeeInvis .     - Unarmed
rCold    + . .     Faith    +   b - +0 kite shield
rNeg     . . .     Spirit   .   Y - +0 fire dragon scales
rPois    .         Reflect  .   n - +2 hat
rElec    .         Harm     .   a - +0 cloak {Will+}
rCorr    +         Rampage  .   (gloves unavailable)
Will     +....                  (boots unavailable)
Stlth    ..........             H - amulet of faith {!P}
HPRegen  1.31/turn              X - ring of Uramuemi {Drain rC+ rCorr Str+6}
MPRegen  0.15/turn              c - ring of protection from cold

@: silenced (expiring), very slightly contaminated, hasted, invisible, very
quick
A: large, unfitting armour, claws 3, regeneration 1, shaggy fur 1, tough skin 1
a: Renounce Religion


You were on level 15 of the Dungeon.
You worshipped Yredelemnul.
Yredelemnul was greatly pleased with you.
You visited 2 branches of the dungeon, and saw 16 of its levels.
You also visited: Sewer.

You collected 987 gold pieces.
You spent 731 gold pieces at shops.


Innate Abilities, Weirdness & Mutations

You are too large for most types of armour.
You have claws for hands.
Your natural rate of healing is unusually fast.
You are covered in fur. (AC +1)
You have tough skin. (AC +1)


   Skills:
 + Level 9.5 Fighting
 - Level 6.6 Throwing
 + Level 6.2 Armour
 - Level 2.4 Dodging
 - Level 9.0 Shields
 * Level 14.6 Unarmed Combat
 + Level 5.8 Invocations


You had 12 spell levels left.
You didn't know any spells.
Your spell library contained the following spells:

 Spells                   Type           Power      Damage    Failure   Level
 Beastly Appendage        Tmut           0%         N/A       75%         1
 Shock                    Conj/Air       0%         1d3       75%         1
 Sting                    Tmut/Pois      0%         1d3       75%         1
 Poisonous Vapours        Pois/Air       0%         N/A       87%         2
 Static Discharge         Conj/Air       0%         N/A       87%         2
 Wereblood                Tmut           0%         N/A       87%         2
 Ignite Poison            Fire/Tmut/Pois 0%         N/A       98%         3
 Mephitic Cloud           Conj/Pois/Air  0%         N/A       98%         3
 Spider Form              Tmut/Pois      0%         N/A       98%         3
 Swiftness                Air            0%         N/A       98%         3
 Airstrike                Air            0%         N/A       100%        4
 Ice Form                 Ice/Tmut       0%         N/A       100%        4
 Olgreb's Toxic Radiance  Pois           0%         N/A       100%        4
 Lightning Bolt           Conj/Air       0%         1d11      100%        5

Inventory:

Hand Weapons
 w - a +1 scimitar of flaming
 y - the +7 dagger "Bunigrarch" {drain, rC+ Int+2 Dex+2}
   (You took it off a kobold on level 7 of the Dungeon)

   A truly terrible weapon, it drains the life of those it strikes.
   It affects your intelligence (+2).
   It affects your dexterity (+2).
   It protects you from cold.
Missiles
 f - 19 large rocks {=f}
 g - 151 poisoned darts
 i - a curare-tipped dart {=f}
 o - 8 javelins
 p - 19 boomerangs (quivered)
 P - 15 datura-tipped darts
 U - 6 silver javelins
Armour
 a - a +0 cloak of willpower (worn)
 b - a +0 kite shield (worn)
 n - a +2 hat (worn)
 L - +0 acid dragon scales
 Y - +0 fire dragon scales (worn)
Magical Staves
 l - a staff of poison
Jewellery
 c - a ring of protection from cold (right claw)
 C - a ring of ice
 F - a ring of fire
 G - an amulet of guardian spirit
 H - an amulet of faith (around neck) {!P}
 W - a ring of magical power
 X - the ring of Uramuemi (left claw) {Drain rC+ rCorr Str+6}
   (You bought it in a shop on level 8 of the Dungeon)

   [ring of strength]

   It affects your strength (+6).
   It protects you from cold.
   It protects you from acid and corrosion.
   It drains your maximum health when unequipped.
Wands
 J - a wand of charming (5)
 K - a wand of mindburst (5)
 R - a wand of digging (3)
 V - a wand of flame (70)
Scrolls
 d - 5 scrolls of teleportation {@r4}
 j - 3 scrolls of immolation {!r}
 q - 5 scrolls of magic mapping
 r - a scroll of noise {unknown}
 s - 2 scrolls of silence {!r}
 t - a scroll of fear {unknown}
 u - 2 scrolls of vulnerability {unknown}
 M - 2 scrolls of brand weapon {unknown}
 N - a scroll of acquirement {unknown}
 O - a scroll of torment {unknown}
 S - a scroll of summoning {unknown}
 T - 3 scrolls of fog {unknown}
Potions
 e - 3 potions of attraction {!q}
 h - 6 potions of might
 k - 6 potions of mutation {!q}
 v - 5 potions of flight
 z - 2 potions of brilliance {unknown}
 A - 2 potions of haste {@q3}
 B - 3 potions of curing {@q1}
 D - 3 potions of cancellation {unknown}
 E - 2 potions of ambrosia {unknown}
 Q - 2 potions of lignification {unknown}
Miscellaneous
 Z - a phial of floods (inert)

Dungeon Overview and Level Annotations

Branches:
Dungeon (14/15)            Temple (1/1) D:7            Lair (0/6) D:10
    Orc (0/2) D:12          Sewer (visited)
 Vaults: D:13-14

Altars:
Ashenzari
Cheibriados
Dithmenos
Elyvilon
Fedhas
Gozag
Hepliaklqana
Kikubaaqudgha
Makhleb
Nemelex Xobeh
Okawaru
Qazlal
Ru
Sif Muna
Trog
Uskayaw
Vehumet
Wu Jian
Xom
Yredelemnul
Zin
The Shining One

Shops:
D:7 [!:!   D:8 *!?   D:11 ?   D:13 [[

Portals:
Trove: D:11 (give +2 storm dragon scales)

Annotations:
D:10 exclusions: downstairs and orange crystal statue
D:11 3 runed translucent doors
D:12 exclusion: downstairs

▒▒▒▒▒▒▒▒▒▒▒▒▒▒▒▒▒▒▒▒▒
▒.......[....O@{..=.▒
▒......#.....#OO....▒
▒......#.....#O.....▒
▒......##...##........
▒.......#...#......▒▒.
▒.......##.##......▒
▒.###....#.# ...###▒
▒...###[+####.###
▒.....###...


You could see 4 two-headed ogres.


Message History

The two-headed ogre hits you with a +0 giant club!
* * * LOW HITPOINT WARNING * * *
You block the two-headed ogre's attack. The two-headed ogre barely misses you.
You fade into invisibility!
You block the two-headed ogre's attack. x2
The two-headed ogre closely misses you. The two-headed ogre barely misses you.
You are very lightly contaminated with residual magic.
You feel better. The ogre mage hits you with a +0 flail.
* * * LOW HITPOINT WARNING * * *
The two-headed ogre closely misses you.
The two-headed ogre hits you with a +0 giant club!
* * * LOW HITPOINT WARNING * * *
You block the two-headed ogre's attack. x2
You scratch the two-headed ogre.
The two-headed ogre is heavily wounded.
The ogre mage casts a spell.
The ogre mage flickers and vanishes!
Deactivating autopickup; reactivate with Ctrl-A.
Unknown command.
You claw the two-headed ogre!
The two-headed ogre is severely wounded.
The two-headed ogre hits you with a +0 giant club!
* * * LOW HITPOINT WARNING * * *
You block the two-headed ogre's attack.
You mangle the two-headed ogre!!
The two-headed ogre is almost dead.
You block the two-headed ogre's attack. x2
The two-headed ogre hits you with a +0 dire flail!
You die...
Your body rises from the dead as a mindless zombie.

Skill      XL: |  1  2  3  4  5  6  7  8  9 10 11 12 13 |
---------------+----------------------------------------+-----
Shields        | 3 4 5 6 7 8 9 |  9.0
Fighting       | 3 4 5 6 7 8 9 |  9.5
Unarmed Combat | 3 4 6 7 9 10 12 13 14 | 14.6
Throwing       | 1 2 3 4 5 6 |  6.6
Armour         | 3 4 6 |  6.2
Invocations    | 1 4 5 |  5.8
Dodging        | |  2.4

Action                   |  1- 3 |  4- 6 |  7- 9 | 10-12 | 13-15 || total
-------------------------+-------+-------+-------+-------+-------++-------
Melee: Unarmed           |   110 |   127 |   327 |   548 |   192 ||  1304
       Scimitar          |       |       |       |       |    12 ||    12
Throw: Javelin           |       |     4 |       |     2 |       ||     6
       Boomerang         |       |     4 |     7 |       |       ||    11
       Dart              |       |       |     5 |    17 |     1 ||    23
Invok: Injury Mirror     |       |       |       |     1 |       ||     1
       Animate Dead      |       |       |       |     4 |    15 ||    19
       Recall Undead Sla |       |       |       |       |     2 ||     2
Evoke: Wand              |       |       |     1 |    11 |     6 ||    18
       Phial of floods   |       |       |       |     1 |     1 ||     2
  Use: Scroll            |       |     1 |     7 |       |     7 ||    15
       Potion            |       |       |     5 |     2 |     5 ||    12
 Stab: Sleeping          |     1 |       |       |       |       ||     1
       Distracted        |       |       |       |       |     1 ||     1
Armor: Robe              |    28 |    34 |    59 |       |       ||   121
       Acid dragon scale |       |       |    10 |   120 |       ||   130
       Fire dragon scale |       |       |       |    54 |    81 ||   135
Dodge: Dodged            |    33 |    45 |    92 |   155 |    56 ||   381
Block: Kite shield       |    36 |    53 |   147 |   263 |   132 ||   631
       Rpst.: Scimitar   |       |       |       |       |     1 ||     1

Levels and vault maps discovered:
D:1:      scummos_arrival_gate, layout_basic
D:2:      layout_loops_ring, shapermc_ecumenical_altar_flowoftime,
          kennysheep_generic_room_12
D:3:      layout_loops_corners, amcnicky_altar_gilded
D:4:      layout_rooms
D:5:      layout_basic, gup_sewer_entry_pipe, uniq_crazy_yiuf_cottage
D:6:      layout_basic, overflow_temple_1_default
D:7:      layout_cave_pools, marbit_many_paths, general_overflow_altar,
          brannock_xom_greatest_gift, minmay_temple_entry_statues_fountains,
          serial_shops, nicolae_square_shop, shop, nicolae_shop_crystal,
          shop_fountains, uniq_pikel, uniq_duvessa
D:8:      layout_rooms, nicolae_kikubaaqudgha_miasma_corner, serial_shops,
          nicolae_shop_stone, shop_statue, nicolae_diamond_shop,
          nicolae_benzene_ring, grunt_ministairs_11, uniq_prince_ribbit1,
          uniq_grum, uniq_maurice, uniq_maggie
D:9:      layout_long_grid, nicolae_overflow_crystal_walls, kennysheep_mini,
          hangedman_ru_absence, nicolae_overflow_hidden_temple,
          hangedman_decor_points
D:10:     cheibrodos_ideogram_h, layout_cave_pools, kennysheep_mini_moat,
          lemuel_round_altar, lair_entry_dummy, minivault_16
D:11:     minmay_the_grid_triangle_9x9_rhombus_thin
          [minmay_the_grid_triangle_9x9_cache,
          minmay_the_grid_triangle_9x9_prize_insulated,
          minmay_the_grid_triangle_9x9_fully_insulated_deathbox,
          minmay_the_grid_triangle_9x9_alien], layout_basic,
          trove_entry_hex_spiral, serial_shops, shop, elves_outpost_lemuel
D:12:     layout_basic, erik_orc_1, special_room [special_room_orc],
          mrwooster_statue_mirror, chequers_serial_rivers_room_b, uniq_fannar
D:13:     layout_rooms, serial_shops, nicolae_shop_stone, nicolae_diamond_shop,
          minivault_21
D:14:     layout_loops_ring, ximxim_vaults_locker_room, uniq_kirke
D:15:     gammafunk_enter_depths_forms, layout_rooms,
          hangedman_abyss_or_decor_clamps, nicolae_ashenzari_panopticon,
          uniq_louise
Temple:   dpeg_chambers_temple

Notes
Turn   | Place    | Note
-------+----------+-------------------------------------------
     0 | D:1      | agentchuck the Troll Fighter began the quest for the Orb.
     0 | D:1      | Reached XP level 1. HP: 22/22 MP: 0/0
   136 | D:1      | Reached XP level 2. HP: 29/29 MP: 1/1
   988 | D:2      | Reached XP level 3. HP: 36/36 MP: 2/2
  1195 | D:2      | Found a faded altar of an unknown god.
  1281 | D:2      | Reached skill level 3 in Shields
  1285 | D:2      | Reached skill level 3 in Fighting
  1624 | D:2      | Reached XP level 4. HP: 45/45 MP: 3/3
  1868 | D:3      | Found an opulent altar of Gozag.
  2188 | D:3      | Reached skill level 3 in Unarmed Combat
  2748 | D:4      | Noticed a phantom
  2811 | D:4      | Reached XP level 5. HP: 52/53 MP: 2/4
  2909 | D:4      | Killed a phantom
  2910 | D:4      | Reached skill level 1 in Throwing
  2910 | D:4      | Reached skill level 4 in Unarmed Combat
  2997 | D:4      | Reached XP level 6. HP: 61/61 MP: 5/5
  3174 | D:5      | Entered Level 5 of the Dungeon
  3196 | D:5      | Identified the +8 spear of the Pillar {freeze, Dex+4}
  3331 | D:5      | Reached skill level 2 in Throwing
  3331 | D:5      | Reached XP level 7. HP: 63/68 MP: 2/6
  3337 | D:5      | Reached skill level 4 in Fighting
  3337 | D:5      | Reached skill level 4 in Shields
  3337 | D:5      | Reached skill level 5 in Unarmed Combat
  3379 | D:5      | Found a glowing drain.
  3400 | Sewer    | Entered a sewer
  4012 | D:5      | Found a runed translucent door.
  4013 | D:5      | Noticed Crazy Yiuf
  4051 | D:5      | Killed Crazy Yiuf
  4110 | D:6      | Found a broken altar of Ashenzari.
  4650 | D:6      | Reached skill level 3 in Throwing
  4650 | D:6      | Reached skill level 6 in Unarmed Combat
  4650 | D:6      | Reached XP level 8. HP: 79/79 MP: 7/7
  4962 | D:7      | Found Lyrghieg's Distillery.
  4988 | D:7      | HP: 4/79 [vampire mosquito (5)]
  4989 | D:7      | Noticed Pikel
  5000 | D:7      | Found Ohulaont's Distillery.
  5057 | D:7      | Bought a potion of heal wounds for 60 gold pieces
  5057 | D:7      | Bought a potion of curing for 36 gold pieces
  5057 | D:7      | Bought a potion of haste for 120 gold pieces
  5057 | D:7      | Bought a potion of curing for 36 gold pieces
  5057 | D:7      | Bought a potion of degeneration for 12 gold pieces
  5136 | D:7      | Killed Pikel
  5137 | D:7      | Reached skill level 5 in Fighting
  5137 | D:7      | Reached skill level 4 in Throwing
  5137 | D:7      | Reached skill level 5 in Shields
  5137 | D:7      | Reached skill level 7 in Unarmed Combat
  5170 | D:7      | Found a staircase to the Ecumenical Temple.
  5179 | Temple   | Entered the Ecumenical Temple
  5401 | Temple   | Became a worshipper of Yredelemnul the Dark
  5424 | D:7      | Reached XP level 9. HP: 87/88 MP: 8/8
  5596 | D:7      | Found a stormy altar of Qazlal.
  5617 | D:7      | Noticed Duvessa
  5628 | D:7      | Noticed Dowan
  5649 | D:7      | Killed Duvessa
  5650 | D:7      | Reached skill level 8 in Unarmed Combat
  5667 | D:7      | Killed Dowan
  5691 | D:7      | Found Suer's Antique Armour Emporium.
  5858 | D:7      | Found Heoqe's Book Shoppe.
  5878 | D:7      | Found a shimmering altar of Xom.
  5924 | D:7      | Found a hide-covered altar of Uskayaw.
  5948 | D:7      | Identified the +7 dagger "Bunigrarch" {drain, rC+ Int+2
                  | Dex+2}
  6128 | D:8      | Found Meneriz's Distillery.
  6134 | D:8      | Noticed Maggie
  6171 | D:8      | Reached skill level 5 in Throwing
  6206 | D:8      | Reached * piety under Yredelemnul
  6211 | D:8      | Noticed Maurice
  6233 | D:7      | Killed Maggie
  6234 | D:7      | Reached skill level 6 in Shields
  6234 | D:7      | Reached skill level 9 in Unarmed Combat
  6495 | D:7      | Reached skill level 6 in Fighting
  6524 | D:8      | Noticed Grum
  6535 | D:7      | Killed Grum
  6565 | D:8      | Reached XP level 10. HP: 94/98 MP: 7/9
  6578 | D:7      | Killed Maurice
  6661 | D:8      | Found an ancient bone altar of Kikubaaqudgha.
  6689 | D:8      | Found Amou's Magic Scroll Boutique.
  6690 | D:8      | Noticed Prince Ribbit
  6813 | D:8      | Killed Prince Ribbit
  6929 | D:8      | Found Lekoghia's Assorted Antiques.
  7356 | D:8      | Reached skill level 10 in Unarmed Combat
  7367 | D:8      | Reached skill level 6 in Throwing
  7588 | D:9      | Found a burning altar of Makhleb.
  7592 | D:9      | Paralysed by a hornet for 1 turns
  7935 | D:9      | Found a sacrificial altar of Ru.
  8311 | D:9      | Found an iron altar of Okawaru.
  8349 | D:10     | Entered Level 10 of the Dungeon
  8358 | D:10     | Reached ** piety under Yredelemnul
  8359 | D:10     | Reached skill level 7 in Shields
  8520 | D:10     | Reached XP level 11. HP: 87/107 MP: 10/10
  8590 | D:10     | Reached skill level 7 in Fighting
  8676 | D:9      | Found a hazy altar of Hepliaklqana.
  8698 | D:10     | Reached skill level 1 in Armour
  8698 | D:10     | Reached skill level 11 in Unarmed Combat
  8704 | D:10     | Noticed an orc knight
  8762 | D:9      | Paralysed by a hornet for 3 turns
  8939 | D:10     | Found a bloodstained altar of Trog.
  8968 | D:10     | Found a glowing silver altar of Zin.
  9070 | D:10     | Found a staircase to the Lair.
  9111 | D:10     | Noticed a soul eater
  9221 | D:10     | Reached skill level 2 in Armour
  9304 | D:10     | Noticed a wizard
  9312 | D:10     | Killed a wizard
  9374 | D:10     | Reached *** piety under Yredelemnul
  9497 | D:10     | Killed an orc knight
  9513 | D:10     | Noticed a fire dragon
  9546 | D:10     | Killed a fire dragon
  9750 | D:10     | Noticed an orange crystal statue
  9769 | D:10     | Reached skill level 3 in Armour
  9769 | D:10     | Reached skill level 12 in Unarmed Combat
  9937 | D:11     | Noticed a boulder beetle
  9949 | D:11     | Killed a boulder beetle
  9971 | D:11     | Noticed a deep elf pyromancer
  9971 | D:11     | Noticed a deep elf zephyrmancer
  9971 | D:11     | Noticed a deep elf pyromancer
  9971 | D:11     | Noticed a deep elf pyromancer
  9971 | D:11     | Noticed a deep elf zephyrmancer
  9971 | D:11     | Noticed a deep elf zephyrmancer
  9971 | D:11     | Noticed a deep elf zephyrmancer
  9971 | D:11     | Noticed a deep elf zephyrmancer
 10057 | D:10     | Killed a deep elf zephyrmancer
 10058 | D:10     | Reached skill level 1 in Invocations
 10130 | D:11     | Identified the +1 ring mail of Impatience {Dex+5}
 10144 | D:11     | Killed a deep elf pyromancer
 10176 | D:11     | Killed a deep elf zephyrmancer
 10177 | D:11     | Reached skill level 8 in Shields
 10316 | D:11     | Killed a deep elf zephyrmancer
 10317 | D:11     | Reached XP level 12. HP: 107/119 MP: 12/12
 10325 | D:11     | Reached skill level 8 in Fighting
 10424 | D:11     | Found a portal to a secret trove of treasure.
 10504 | D:11     | Reached skill level 2 in Invocations
 10639 | D:11     | Found Nulif's Magic Scroll Boutique.
 10649 | D:11     | Bought a scroll of enchant armour for 90 gold pieces
 10649 | D:11     | Bought a scroll of identify for 24 gold pieces
 10649 | D:11     | Bought a scroll of identify for 24 gold pieces
 10744 | D:8      | Bought a crude amber ring for 140 gold pieces
 10744 | D:8      | Identified the ring of Uramuemi {Drain rC+ rCorr Str+6}
                  | (You bought it in a shop on level 8 of the Dungeon)
 10747 | D:8      | Bought a scroll labelled JOCIHA LUCATZE for 28 gold pieces
 10949 | D:11     | Noticed a two-headed ogre
 10953 | D:11     | Killed a two-headed ogre
 10985 | D:11     | Reached skill level 4 in Armour
 11034 | D:11     | Noticed a centaur warrior
 11049 | D:11     | Killed a centaur warrior
 11079 | D:11     | Reached skill level 3 in Invocations
 11088 | D:11     | Reached skill level 13 in Unarmed Combat
 11219 | D:11     | Received a gift from Yredelemnul (a wight)
 11331 | D:11     | Noticed a tengu warrior
 11340 | D:11     | Killed a tengu warrior
 11388 | D:11     | Found a runed translucent door.
 11389 | D:11     | Noticed a six-headed hydra
 11458 | D:11     | Noticed a boulder beetle
 11459 | D:11     | Noticed a boulder beetle
 11459 | D:11     | Noticed a boulder beetle
 11459 | D:11     | Noticed a two-headed ogre
 11460 | D:11     | Found a runed translucent door.
 11460 | D:11     | Found a runed translucent door.
 11460 | D:11     | Noticed a two-headed ogre
 11706 | D:12     | Reached skill level 4 in Invocations
 11879 | D:12     | Reached **** piety under Yredelemnul
 11880 | D:12     | Reached XP level 13. HP: 106/128 MP: 15/15
 11965 | D:12     | Found a staircase to the Orcish Mines.
 12007 | D:12     | Reached skill level 5 in Armour
 12008 | D:12     | Noticed Fannar
 12028 | D:12     | Killed Fannar
 12576 | D:12     | Received a gift from Yredelemnul (4 flying skulls)
 12608 | D:12     | Reached skill level 9 in Shields
 12681 | D:12     | Reached skill level 9 in Fighting
 12969 | D:13     | Reached skill level 14 in Unarmed Combat
 13180 | D:13     | Reached skill level 5 in Invocations
 13190 | D:13     | Found Potzej's Armour Emporium.
 13200 | D:13     | Bought a +0 cloak of willpower for 161 gold pieces
 13415 | D:13     | Found Cefeotar's Armour Shop.
 13959 | D:14     | Received a gift from Yredelemnul (a wraith)
 13980 | D:14     | Reached skill level 6 in Armour
 14158 | D:14     | You fall into a shaft and drop 1 floor!
 14158 | D:15     | Entered Level 15 of the Dungeon
 14160 | D:15     | Found a broken altar of Ashenzari.
 14189 | D:15     | Noticed Louise
 14212 | D:15     | Killed Louise
 14215 | D:15     | HP: 7/131 [two-headed ogre (24)]
 14215 | D:15     | HP: 1/131 [two-headed ogre (6)]
 14221 | D:15     | HP: 2/131 [two-headed ogre (10)]
 14222 | D:15     | Mangled by a two-headed ogre

Vanquished Creatures
  Louise (D:15)
  A fire dragon (D:10)
  Fannar (D:12)
  2 catoblepae (D:14)
  A boulder beetle (D:11)
  4 centaur warriors
  A death knight (D:12)
  A tengu warrior (D:11)
  2 two-headed ogres
  3 slime creatures
  2 skeletal warriors (D:12)
  A phantasmal warrior (D:12)
  A wizard (D:10)
  5 deep elf zephyrmancers
  Pikel (D:7)
  2 cyclopes (D:11)
  2 orc knights
  4 deep elf pyromancers (D:11)
  2 manticores (D:11)
  5 ugly things
  Maurice (D:7)
  6 centaur zombies
  Maggie (D:7)
  An unseen horror (D:11)
  2 gargoyles
  An efreet (D:11)
  3 kobold demonologists (D:10)
  A tengu conjurer (D:11)
  2 steam dragons (D:10)
  6 trolls
  4 hornets
  Prince Ribbit (D:8)
  3 shadows
  A spriggan (shapeshifter) (D:13)
  3 wraiths
  7 yaks
  Grum (D:7)
  2 wyverns (D:9)
  3 basilisks
  5 vampire mosquitoes
  An acid dragon (D:11)
  3 water moccasins
  Duvessa (D:7)
  9 orc warriors
  A sky beast (D:6)
  An ice beast (D:8)
  2 black bears
  2 ogres
  9 centaurs
  2 wolves (D:8)
  2 phantoms
  A lemure (D:7)
  4 bullfrogs
  3 kobold brigands
  3 gnoll sergeants
  Dowan (D:7)
  2 wyvern skeletons
  A killer bee (D:11)
  5 wights
  5 howler monkeys
  A bullfrog zombie (D:6)
  2 jellies
  5 hounds
  A centaur skeleton (D:4)
  11 orc priests
  Crazy Yiuf (D:5)
  3 iguanas
  7 orc wizards
  A killer bee zombie (D:5)
  2 howler monkey zombies (D:10)
  5 gnolls (D:8)
  3 river rats (Sewer)
  8 adders
  2 white imps (D:7)
  2 adder skeletons (D:4)
  2 worms
  2 dart slugs
  35 orcs
  8 ball pythons
  4 bats
  8 endoplasms
  5 giant cockroaches
  4 goblins (D:2)
  2 hobgoblins
  13 jackals
  3 quokkas
  2 frilled lizards
  22 kobolds
  11 rats
329 creatures vanquished.

Vanquished Creatures (collateral kills)
  A boulder beetle (D:12)
  2 hydras
  A two-headed ogre (D:12)
  2 skeletal warriors (D:12)
  2 deep elf pyromancers
  2 ugly things
  2 cyclopes (D:12)
  5 slime creatures
  A vampire mosquito (D:10)
  A swamp drake (D:12)
  2 ogres (D:12)
  A centaur (D:13)
  10 orcs (D:12)
32 creatures vanquished.

Vanquished Creatures (others)
  4 flying skulls
  A wraith (D:14)
  A wight (D:12)
  An elf zombie (D:12)
  An orc (D:12)
  A troll zombie (D:12)
  2 basilisk zombies (D:12)
  A centaur zombie (D:12)
  An ogre zombie (D:12)
  19 orc zombies (D:12)
32 creatures vanquished.

Grand Total: 393 creatures vanquished

Table legend: (Time is in decaauts)
 A = Elapsed time spent in this place.
 B = Non-inter-level travel time spent in this place.
 C = Inter-level travel time spent in this place.
 D = Time resting spent in this place.
 E = Time spent auto-exploring this place.
 F = Levels seen in this place.
 G = Mean time per level.
                   A        B        C        D        E       F      G
               +--------+--------+--------+--------+--------+-----+--------+
         Total |  14241 |  13295 |    946 |   2419 |   5358 |  17 |  837.7 |
       Dungeon |  13696 |  12778 |    918 |   2413 |   5130 |  15 |  913.1 |
        Temple |    235 |    207 |     28 |      0 |    206 |   1 |  235.0 |
         Sewer |    309 |    309 |      0 |      6 |     22 |   1 |  309.0 |
               +--------+--------+--------+--------+--------+-----+--------+

Top non-repeatable levels by time:
    D:11: 1474 daAuts
    D:12: 1471 daAuts
    D:10: 1367 daAuts
     D:9: 1296 daAuts
     D:7: 1256 daAuts
     D:8: 1090 daAuts
     D:1: 980 daAuts
     D:3: 937 daAuts
     D:2: 880 daAuts
     D:6: 838 daAuts
    D:13: 709 daAuts
     D:5: 693 daAuts
     D:4: 412 daAuts
   Sewer: 309 daAuts
  Temple: 235 daAuts

Table legend:
 A = Non-vault XP
 B = Vault XP
 C = Vault XP percentage of total XP
 D = Non-vault monster count
 E = Vault monster count
 F = Vault count percentage of total count
                 A         B        C        D         E       F
            +---------+---------+-------+---------+---------+-------
      Total |   31739 |   27402 |  46.3 |     224 |     136 |  37.8
            +---------+---------+-------+---------+---------+-------
        D:1 |      40 |       0 |   0.0 |      25 |       0 |   0.0
        D:2 |      59 |       0 |   0.0 |      24 |       0 |   0.0
        D:3 |      88 |       0 |   0.0 |      17 |       0 |   0.0
        D:4 |     241 |       0 |   0.0 |      13 |       0 |   0.0
        D:5 |     516 |      43 |   7.7 |       9 |       4 |  30.8
        D:6 |     934 |       0 |   0.0 |      13 |       0 |   0.0
        D:7 |    1532 |    2087 |  57.7 |      19 |       7 |  26.9
        D:8 |     980 |    1560 |  61.4 |      21 |       9 |  30.0
        D:9 |    1872 |     551 |  22.7 |      14 |       3 |  17.6
       D:10 |    2311 |    6644 |  74.2 |      18 |      25 |  58.1
       D:11 |    1506 |   12813 |  89.5 |       4 |      27 |  87.1
       D:12 |   11559 |    2060 |  15.1 |      25 |      41 |  62.1
       D:13 |    5208 |       0 |   0.0 |      15 |       0 |   0.0
       D:14 |    4027 |       0 |   0.0 |       6 |       0 |   0.0
       D:15 |     866 |    1549 |  64.1 |       1 |       1 |  50.0
      Sewer |       0 |      95 | 100.0 |       0 |      19 | 100.0
            +---------+---------+-------+---------+---------+-------
